Kings vs Canucks
Created - January 13, 2023 at 19:20
Goals
|
| Kings |
1 |
2 |
2 |
5 |
| Canucks |
1 |
0 |
1 |
2 |
|
Shots
|
| Kings |
10 |
9 |
16 |
35 |
| Canucks |
9 |
8 |
12 |
29 |
|
1st period
1. Canucks , Gilbert Brule 6 (Jujhar Khaira 4) at 0:53
2. Kings , Rasmus Ristolainen 8 (Alexander Kerfoot 17, Mitch Marner 9) at 8:51 (PP)
Penalties :
Josh Gorges (Van) for High sticking (Minor) at 7:02
2nd period
3. Kings , Jeremy Morin 5 (Darnell Nurse 9, Peter Regin 2) at 18:43
4. Kings , Erik Haula 5 (Nick Ritchie 7, Mitch Marner 10) at 19:18
Penalties :
Robert Nilsson (Van) for Interference (Minor) at 0:07, Nick Ritchie (L.A) for Interference (Minor) at 9:26, Ole-Kristian Tollefsen (L.A) for Roughing (Minor) at 14:41
3rd period
5. Kings , Ole-Kristian Tollefsen 2 (Rasmus Ristolainen 16) at 3:17
6. Kings , Ilya Kovalchuk 10 (Auston Matthews 9, Benoit Pouliot 8) at 8:12
7. Canucks , Josh Bailey 5 (Jujhar Khaira 5, Gilbert Brule 11) at 14:27
Penalties :
No Penalty
Goalie Stats
Thomas McCollum (L.A), 27 saves from 29 shots - (0.931), W, 4-2-0, 60:00 minutes
Alexandar Georgiev (Van), 30 saves from 35 shots - (0.857), L, 10-14-2, 60:00 minutes
Players Stats for Kings
Player Name G A P +/- PIM S H SB GA TA FO MP PP MP PK MP
------------------------------------------------------------------------------------
Aaron Ekblad 0 0 0 0 0 1 0 0 0 0 0/0 12:17 0:00 2:22
Alexander Kerfoot 0 1 1 0 0 5 1 0 1 0 9/16 15:08 1:40 0:00
Artemi Panarin 0 0 0 0 0 2 1 0 0 0 0/0 16:33 1:30 1:01
Auston Matthews 0 1 1 0 0 0 1 0 0 0 8/15 17:42 1:40 0:00
Benoit Pouliot 0 1 1 0 0 1 0 0 0 0 0/1 17:13 0:00 0:51
Brendan Gallagher 0 0 0 0 0 4 0 1 0 1 1/2 16:03 2:08 0:00
Darnell Nurse 0 1 1 2 0 3 2 0 0 0 0/0 26:28 2:18 2:22
Erik Haula 1 0 1 1 0 3 3 1 0 1 7/15 18:31 2:08 2:06
Ilya Kovalchuk 1 0 1 0 0 2 0 0 0 1 1/1 18:10 0:00 2:04
Jeremy Morin 1 0 1 1 0 2 1 0 0 0 0/0 9:21 0:00 0:57
JT Compher 0 0 0 1 0 3 1 1 0 0 0/0 13:50 2:18 0:00
Mark Fistric 0 0 0 2 0 0 0 2 1 2 0/0 22:35 0:00 1:36
Mitch Marner 0 2 2 1 0 2 0 0 0 0 0/1 12:21 1:40 0:00
Morgan Rielly 0 0 0 0 0 0 0 0 0 0 0/0 9:07 0:00 0:04
Nick Ritchie 0 1 1 1 2 3 3 2 0 0 0/0 16:26 2:08 0:00
Ole-Kristian Tollefsen 1 0 1 0 2 2 0 0 1 2 0/0 21:19 0:00 0:47
Peter Regin 0 1 1 1 0 0 3 0 0 0 4/8 9:21 0:00 0:57
Rasmus Ristolainen 1 1 2 0 0 2 2 1 2 3 0/0 23:35 1:30 0:45
Players Stats for Canucks
Player Name G A P +/- PIM S H SB GA TA FO MP PP MP PK MP
------------------------------------------------------------------------------------
Ben Lovejoy 0 0 0 0 0 1 0 2 0 0 0/0 14:41 0:00 0:00
Brandon Burlon 0 0 0 0 0 0 0 0 0 0 0/0 2:36 0:00 0:00
Brandon Sutter 0 0 0 0 0 3 1 1 0 0 7/14 19:08 2:01 1:22
Daniel Carcillo 0 0 0 -1 0 0 1 0 0 0 0/0 6:49 0:00 1:04
Derick Brassard 0 0 0 0 0 4 2 1 2 0 2/2 19:08 2:01 1:22
Drew Doughty 0 0 0 -1 0 0 0 1 0 0 0/0 26:52 2:25 2:18
Gilbert Brule 1 1 2 0 0 4 1 1 2 0 2/3 15:56 0:00 0:15
Hampus Lindholm 0 0 0 -1 0 2 2 2 0 1 0/0 18:27 1:33 1:30
Josh Bailey 1 0 1 0 0 2 1 0 0 0 0/0 15:46 0:00 0:00
Josh Gorges 0 0 0 0 2 0 1 1 1 1 0/0 14:40 0:00 0:00
Jujhar Khaira 0 2 2 0 0 2 0 2 0 0 0/1 15:23 0:00 0:08
Kyle Clifford 0 0 0 -2 0 4 3 2 2 0 3/6 24:13 1:57 2:11
Marcus Johansson 0 0 0 -1 0 1 0 0 1 1 2/2 17:38 1:57 0:00
Maxim Talbot 0 0 0 -1 0 0 0 0 0 0 2/5 5:33 0:00 0:00
Michael Kostka 0 0 0 -1 0 2 1 1 0 1 0/0 18:27 1:33 1:30
Robert Nilsson 0 0 0 -1 2 0 2 1 0 1 11/26 18:51 1:57 1:14
Sam Gagner 0 0 0 0 0 3 2 1 1 0 0/0 17:46 2:01 0:00
Tyler Myers 0 0 0 -1 0 1 0 0 1 0 0/0 24:16 2:25 2:18
3 Stars
1 - Rasmus Ristolainen (L.A)
2 - Erik Haula (L.A)
3 - Jeremy Morin (L.A)
Power Play
Kings - 1 on 2 Attempt(s) - 50.00%
Canucks - 0 on 2 Attempt(s) - 0.00%
Penalty Kill
Kings - 2 on 2 Attempt(s) - 100.00%
- Score 0 goal in Penalty Kill
Canucks - 1 on 2 Attempt(s) - 50.00%
- Score 0 goal in Penalty Kill
Team Stat
Kings - Hits : 18 - Faceoff Wins : 30 - Blocked Shots : 8 - Penalty Minutes : 4
Canucks - Hits : 17 - Faceoff Wins : 29 - Blocked Shots : 16 - Penalty Minutes : 4
Official
Referees : Brian Pochmara and Jean Hebert
Linesman : James Tobias and Jonny Murray
Game Notes
Mitch Marner is injured at 9:23 of 3rd period (Sprained Right Finger)
Finance
Level 1 -- Attendance: 5474 (91.23%) -- Ticket Income $547,400
Level 2 -- Attendance: 5000 (100.00%) -- Ticket Income $300,000
Level 3 -- Attendance: 1897 (94.85%) -- Ticket Income $66,395
Level 4 -- Attendance: 3737 (93.43%) -- Ticket Income $93,425
Luxury Box -- Attendance: 1000 (100.00%) -- Ticket Income $200,000
Game was played at the Rodgers Arena.
Total Attendance: 17108 (95.04%)
Total Ticket Income: $1,207,220
Other Income: $181,083
Total Income: $1,388,303
Kings
5 vs 5 Forward
Center Left Wing Right Wing Time % Phy DF OF
1 Alexander Kerfoot Artemi Panarin Brendan Gallagher 30 1 2 2
2 Auston Matthews Benoit Pouliot Ilya Kovalchuk 30 1 2 2
3 Erik Haula Nick Ritchie Mitch Marner 30 1 2 2
4 Peter Regin Jeremy Morin JT Compher 10 1 2 2
5 vs 5 Defense
Defense Defense Time % Phy DF OF
1 Darnell Nurse Mark Fistric 40 1 3 1
2 Ole-Kristian Tollefsen Rasmus Ristolainen 40 1 3 1
3 Aaron Ekblad Morgan Rielly 15 1 3 1
4 Darnell Nurse Aaron Ekblad 5 1 3 1
PowerPlay Forward
Center Left Wing Right Wing Time % Phy DF OF
1 Alexander Kerfoot Auston Matthews Mitch Marner 55 0 1 4
2 Erik Haula Nick Ritchie Brendan Gallagher 45 0 1 4
PowerPlay Defense
Defense Defense Time % Phy DF OF
1 Artemi Panarin Rasmus Ristolainen 70 0 2 3
2 Darnell Nurse JT Compher 30 0 3 2
Penalty Kill 4 Players Forward
Center Wing Time % Phy DF OF
1 Erik Haula Ilya Kovalchuk 60 0 4 1
2 Jeremy Morin Peter Regin 40 0 4 1
Penalty Kill 4 Players Defense
Defense Defense Time % Phy DF OF
1 Darnell Nurse Aaron Ekblad 60 1 4 0
2 Mark Fistric Ole-Kristian Tollefsen 40 1 4 0
Penalty Kill - 3 Players Forward
Forward Time % Phy DF OF
1 Jeremy Morin 60 1 2 2
2 Erik Haula 40 1 2 2
Penalty Kill - 3 Players Defense
Defense Defense Time % Phy DF OF
1 Darnell Nurse Aaron Ekblad 60 1 2 2
2 Ole-Kristian Tollefsen Mark Fistric 40 1 2 2
4 vs 4 Forward
Center Wing Time % Phy DF OF
1 Auston Matthews Artemi Panarin 60 1 2 2
2 Erik Haula Brendan Gallagher 40 1 2 2
4 vs 4 Defense
Defense Defense Time % Phy DF OF
1 Darnell Nurse Mark Fistric 60 1 2 2
2 Ole-Kristian Tollefsen Rasmus Ristolainen 40 1 2 2
Last Minutes Offensive
Center Left Wing Right Wing Defense Defense
Alexander Kerfoot Artemi Panarin Brendan Gallagher Darnell Nurse Rasmus Ristolainen
Last Minutes Defensive
Center Left Wing Right Wing Defense Defense
Erik Haula Jeremy Morin Ilya Kovalchuk Darnell Nurse Aaron Ekblad
Goaltenders
Starting : Thomas McCollum
Backup : Petr Mrazek
Extra Forwards
Normal : JT Compher, Ilya Kovalchuk, Brendan Gallagher - PP : JT Compher, Benoit Pouliot - PK : Artemi Panarin
Extra Defensemen
Normal : Rasmus Ristolainen, Darnell Nurse, Ole-Kristian Tollefsen - PP : Morgan Rielly - PK : Rasmus Ristolainen, Morgan Rielly
Penalty Shots
Auston Matthews, Ilya Kovalchuk, Artemi Panarin, Jeremy Morin, Benoit Pouliot
Scratches
Jeff Schultz (Broken Right Thumb Injury)
Canucks
5 vs 5 Forward
Center Left Wing Right Wing Time % Phy DF OF
1 Robert Nilsson Kyle Clifford Marcus Johansson 40 1 2 2
2 Brandon Sutter Derick Brassard Sam Gagner 30 1 2 2
3 Gilbert Brule Jujhar Khaira Josh Bailey 20 1 2 2
4 Maxim Talbot Daniel Carcillo Kyle Clifford 10 1 2 2
5 vs 5 Defense
Defense Defense Time % Phy DF OF
1 Drew Doughty Tyler Myers 40 1 2 2
2 Hampus Lindholm Michael Kostka 30 1 2 2
3 Ben Lovejoy Josh Gorges 20 1 2 2
4 Brandon Burlon Drew Doughty 10 1 2 2
PowerPlay Forward
Center Left Wing Right Wing Time % Phy DF OF
1 Robert Nilsson Kyle Clifford Marcus Johansson 60 1 2 2
2 Brandon Sutter Derick Brassard Sam Gagner 40 1 2 2
PowerPlay Defense
Defense Defense Time % Phy DF OF
1 Drew Doughty Tyler Myers 60 1 2 2
2 Hampus Lindholm Michael Kostka 40 1 2 2
Penalty Kill 4 Players Forward
Center Wing Time % Phy DF OF
1 Kyle Clifford Robert Nilsson 60 1 2 2
2 Derick Brassard Brandon Sutter 40 1 2 2
Penalty Kill 4 Players Defense
Defense Defense Time % Phy DF OF
1 Drew Doughty Tyler Myers 60 1 2 2
2 Hampus Lindholm Michael Kostka 40 1 2 2
Penalty Kill - 3 Players Forward
Forward Time % Phy DF OF
1 Kyle Clifford 60 1 2 2
2 Robert Nilsson 40 1 2 2
Penalty Kill - 3 Players Defense
Defense Defense Time % Phy DF OF
1 Drew Doughty Tyler Myers 60 1 2 2
2 Hampus Lindholm Michael Kostka 40 1 2 2
4 vs 4 Forward
Center Wing Time % Phy DF OF
1 Kyle Clifford Robert Nilsson 60 1 2 2
2 Derick Brassard Brandon Sutter 40 1 2 2
4 vs 4 Defense
Defense Defense Time % Phy DF OF
1 Drew Doughty Tyler Myers 60 1 2 2
2 Hampus Lindholm Michael Kostka 40 1 2 2
Last Minutes Offensive
Center Left Wing Right Wing Defense Defense
Robert Nilsson Kyle Clifford Marcus Johansson Drew Doughty Tyler Myers
Last Minutes Defensive
Center Left Wing Right Wing Defense Defense
Robert Nilsson Kyle Clifford Marcus Johansson Drew Doughty Tyler Myers
Goaltenders
Starting : Alexandar Georgiev
Backup : Matt Hackett
Extra Forwards
Normal : Gilbert Brule, Jujhar Khaira, Daniel Carcillo - PP : Gilbert Brule, Jujhar Khaira - PK : Daniel Carcillo
Extra Defensemen
Normal : Ben Lovejoy, Josh Gorges, Brandon Burlon - PP : Ben Lovejoy - PK : Josh Gorges, Brandon Burlon
Penalty Shots
Kyle Clifford, Robert Nilsson, Derick Brassard, Brandon Sutter, Marcus Johansson
Scratches
None
% Time on Ice - Kings
Lines # - Real PCT - Wanted PCT - Time Play
Normal Forward
1 - 26% - 30% - 13:32
2 - 31% - 30% - 16:14
3 - 27% - 30% - 14:04
4 - 16% - 10% - 8:24
Normal Defense
1 - 42% - 40% - 21:46
2 - 39% - 40% - 20:33
3 - 17% - 15% - 9:02
4 - 2% - 5% - 0:53
PP Forward
1 - 44% - 55% - 1:40
2 - 56% - 45% - 2:08
PP Defense
1 - 39% - 70% - 1:30
2 - 61% - 30% - 2:18
PK Forward
1 - 76% - 60% - 3:01
2 - 24% - 40% - 0:57
PK Defense
1 - 60% - 60% - 2:22
2 - 40% - 40% - 1:36
PK3 Forward
1 - 0% - 60%
2 - 0% - 40%
PK3 Defense
1 - 0% - 60%
2 - 0% - 40%
44 Forward
1 - 0% - 60%
2 - 0% - 40%
44 Defense
1 - 0% - 60%
2 - 0% - 40%
Last Minute Offensive - 0:00
Last Minute Defensive - 0:00
Total
Forward - 60:00
Defense - 60:00
|
% Time on Ice - Canucks
Lines # - Real PCT - Wanted PCT - Time Play
Normal Forward
1 - 30% - 40% - 15:41
2 - 30% - 30% - 15:45
3 - 29% - 20% - 15:15
4 - 11% - 10% - 5:33
Normal Defense
1 - 37% - 40% - 19:33
2 - 29% - 30% - 15:24
3 - 28% - 20% - 14:41
4 - 5% - 10% - 2:36
PP Forward
1 - 49% - 60% - 1:57
2 - 51% - 40% - 2:01
PP Defense
1 - 61% - 60% - 2:25
2 - 39% - 40% - 1:33
PK Forward
1 - 85% - 60% - 3:13
2 - 15% - 40% - 0:35
PK Defense
1 - 61% - 60% - 2:18
2 - 39% - 40% - 1:30
PK3 Forward
1 - 0% - 60%
2 - 0% - 40%
PK3 Defense
1 - 0% - 60%
2 - 0% - 40%
44 Forward
1 - 0% - 60%
2 - 0% - 40%
44 Defense
1 - 0% - 60%
2 - 0% - 40%
Last Minute Offensive - 0:00
Last Minute Defensive - 0:00
Total
Forward - 60:00
Defense - 60:00
|
Play-by-Play
1st period
0:01 of 1st period - Marcus Johansson wins face-off versus Alexander Kerfoot in neutral zone.
0:14 of 1st period - Snap shot by Robert Nilsson.
0:14 of 1st period - Shot Misses the Net.
0:16 of 1st period - Slapshot by Tyler Myers.
0:16 of 1st period - Stopped by Thomas McCollum without a rebound.
0:17 of 1st period - Brandon Sutter wins face-off versus Auston Matthews in Kings zone.
0:53 of 1st period - Backhand shot by Gilbert Brule.
0:53 of 1st period - Goal by Gilbert Brule - Kings : 0 - Canucks : 1.
0:54 of 1st period - Maxim Talbot wins face-off versus Peter Regin in neutral zone.
0:59 of 1st period - Snap shot by Kyle Clifford.
0:59 of 1st period - Stopped by Thomas McCollum without a rebound.
1:00 of 1st period - Maxim Talbot wins face-off versus Peter Regin in Kings zone.
1:11 of 1st period - Slapshot by Aaron Ekblad.
1:11 of 1st period - Deflect By Daniel Carcillo.
1:11 of 1st period - Stopped by Alexandar Georgiev with a rebound.
1:13 of 1st period - Wrist shot by Jeremy Morin.
1:13 of 1st period - Stopped by Alexandar Georgiev with a rebound.
1:37 of 1st period - Wrist shot by Sam Gagner.
1:37 of 1st period - Stopped by Thomas McCollum with a rebound.
2:11 of 1st period - Snap shot by Auston Matthews.
2:11 of 1st period - Shot Blocked by Jujhar Khaira.
2:13 of 1st period - Wrist shot by Ilya Kovalchuk.
2:13 of 1st period - Deflect By Drew Doughty.
2:13 of 1st period - Shot Misses the Net.
2:13 of 1st period - Puck is out of play.
2:14 of 1st period - Auston Matthews wins face-off versus Robert Nilsson in Canucks zone.
2:46 of 1st period - Mark Fistric is hit by Sam Gagner.
3:08 of 1st period - Jujhar Khaira is hit by Artemi Panarin and loses puck.
3:32 of 1st period - Rasmus Ristolainen is hit by Kyle Clifford and loses puck.
3:58 of 1st period - Peter Regin is hit by Hampus Lindholm and loses puck.
4:39 of 1st period - Icing by Michael Kostka.
4:40 of 1st period - Robert Nilsson wins face-off versus Peter Regin in Canucks zone.
4:40 of 1st period - Robert Nilsson is hit by Darnell Nurse.
5:01 of 1st period - Icing by Aaron Ekblad.
5:02 of 1st period - Brandon Sutter wins face-off versus Erik Haula in Kings zone.
6:12 of 1st period - Wrist shot by JT Compher.
6:12 of 1st period - Shot Blocked by Ben Lovejoy.
6:28 of 1st period - Nick Ritchie is hit by Daniel Carcillo and loses puck.
6:55 of 1st period - Slapshot by JT Compher.
6:55 of 1st period - Stopped by Alexandar Georgiev without a rebound.
6:56 of 1st period - Peter Regin wins face-off versus Brandon Sutter in Canucks zone.
7:02 of 1st period - Minor Penalty to Josh Gorges for High sticking.
7:03 of 1st period - Kyle Clifford wins face-off versus Mitch Marner in Canucks zone.
7:13 of 1st period - Wrist shot by Kyle Clifford.
7:13 of 1st period - Stopped by Thomas McCollum with a rebound.
7:38 of 1st period - Icing by Brendan Gallagher.
7:39 of 1st period - Derick Brassard wins face-off versus Erik Haula in Kings zone.
8:13 of 1st period - Wrist shot by Nick Ritchie.
8:13 of 1st period - Shot Blocked by Kyle Clifford.
8:29 of 1st period - Backhand shot by Brendan Gallagher.
8:29 of 1st period - Stopped by Alexandar Georgiev with a rebound.
8:35 of 1st period - Snap shot by Nick Ritchie.
8:35 of 1st period - Stopped by Alexandar Georgiev without a rebound.
8:36 of 1st period - Alexander Kerfoot wins face-off versus Kyle Clifford in Canucks zone.
8:51 of 1st period - Slapshot by Rasmus Ristolainen.
8:51 of 1st period - Goal by Rasmus Ristolainen - Kings : 1 - Canucks : 1.
8:52 of 1st period - Robert Nilsson wins face-off versus Auston Matthews in neutral zone.
8:54 of 1st period - Off-side.
8:55 of 1st period - Robert Nilsson wins face-off versus Auston Matthews in neutral zone.
10:07 of 1st period - Off-side.
10:08 of 1st period - Alexander Kerfoot wins face-off versus Maxim Talbot in neutral zone.
10:43 of 1st period - Snap shot by Derick Brassard.
10:43 of 1st period - Shot Misses the Net.
10:45 of 1st period - Snap shot by Brandon Sutter.
10:45 of 1st period - Stopped by Thomas McCollum with a rebound.
11:01 of 1st period - Wrist shot by Mitch Marner.
11:01 of 1st period - Shot Misses the Net.
11:03 of 1st period - Wrist shot by Aaron Ekblad.
11:03 of 1st period - Shot Blocked by Ben Lovejoy.
11:25 of 1st period - Snap shot by Brendan Gallagher.
11:25 of 1st period - Shot Blocked by Robert Nilsson.
11:35 of 1st period - Marcus Johansson is hit by JT Compher and loses puck.
11:58 of 1st period - Benoit Pouliot is hit by Brandon Sutter and loses puck.
12:25 of 1st period - Slapshot by Rasmus Ristolainen.
12:25 of 1st period - Deflect By Erik Haula.
12:25 of 1st period - Stopped by Alexandar Georgiev with a rebound.
12:27 of 1st period - Slapshot by Erik Haula.
12:27 of 1st period - Stopped by Alexandar Georgiev with a rebound.
13:01 of 1st period - Derick Brassard is hit by Jeremy Morin and loses puck.
14:02 of 1st period - Snap shot by Alexander Kerfoot.
14:02 of 1st period - Stopped by Alexandar Georgiev with a rebound.
14:04 of 1st period - Wrist shot by Artemi Panarin.
14:04 of 1st period - Shot Hit the Post.
14:49 of 1st period - Ole-Kristian Tollefsen is hit by Kyle Clifford and loses puck.
15:00 of 1st period - Gilbert Brule is hit by Nick Ritchie and loses puck.
15:23 of 1st period - Slapshot by Michael Kostka.
15:23 of 1st period - Shot Misses the Net.
16:08 of 1st period - Off-side.
16:09 of 1st period - Peter Regin wins face-off versus Maxim Talbot in neutral zone.
16:43 of 1st period - Backhand shot by Derick Brassard.
16:43 of 1st period - Stopped by Thomas McCollum without a rebound.
16:44 of 1st period - Brandon Sutter wins face-off versus Alexander Kerfoot in Kings zone.
16:54 of 1st period - Wrist shot by Artemi Panarin.
16:54 of 1st period - Shot Misses the Net.
16:56 of 1st period - Snap shot by Brendan Gallagher.
16:56 of 1st period - Shot Misses the Net.
16:58 of 1st period - Wrist shot by Artemi Panarin.
16:58 of 1st period - Stopped by Alexandar Georgiev without a rebound.
16:59 of 1st period - Robert Nilsson wins face-off versus Auston Matthews in Canucks zone.
17:06 of 1st period - Backhand shot by Drew Doughty.
17:06 of 1st period - Deflect By Kyle Clifford.
17:06 of 1st period - Stopped by Thomas McCollum with a rebound.
17:32 of 1st period - Wrist shot by Derick Brassard.
17:32 of 1st period - Stopped by Thomas McCollum without a rebound.
17:33 of 1st period - Brendan Gallagher wins face-off versus Robert Nilsson in Kings zone.
18:22 of 1st period - Jujhar Khaira is hit by Erik Haula and loses puck.
18:29 of 1st period - Wrist shot by Mitch Marner.
18:29 of 1st period - Shot Blocked by Hampus Lindholm.
19:06 of 1st period - Michael Kostka is hit by Rasmus Ristolainen and loses puck.
Goals for this period are 1 for Kings vs 1 for Canucks.
Shots for this period are 10 for Kings vs 9 for Canucks.
2nd period
0:01 of 2nd period - Alexander Kerfoot wins face-off versus Robert Nilsson in neutral zone.
0:07 of 2nd period - Minor Penalty to Robert Nilsson for Interference.
0:08 of 2nd period - Kyle Clifford wins face-off versus Alexander Kerfoot in Canucks zone.
2:07 of 2nd period - Penalty to Robert Nilsson is over, Robert Nilsson is back on ice.
2:36 of 2nd period - Icing by JT Compher.
2:37 of 2nd period - Gilbert Brule wins face-off versus Auston Matthews in Kings zone.
2:52 of 2nd period - Ilya Kovalchuk is hit by Josh Gorges.
4:20 of 2nd period - Darnell Nurse is hit by Hampus Lindholm and loses puck.
5:36 of 2nd period - Derick Brassard is hit by Rasmus Ristolainen and loses puck.
6:51 of 2nd period - Off-side.
6:52 of 2nd period - Derick Brassard wins face-off versus Alexander Kerfoot in neutral zone.
7:17 of 2nd period - Robert Nilsson is hit by Alexander Kerfoot.
7:31 of 2nd period - Wrist shot by Artemi Panarin.
7:31 of 2nd period - Deflect By Brendan Gallagher.
7:31 of 2nd period - Shot Misses the Net.
7:31 of 2nd period - Puck is out of play.
7:32 of 2nd period - Erik Haula wins face-off versus Jujhar Khaira in Canucks zone.
7:49 of 2nd period - Wrist shot by Nick Ritchie.
7:49 of 2nd period - Stopped by Alexandar Georgiev with a rebound.
8:10 of 2nd period - Icing by Ole-Kristian Tollefsen.
8:11 of 2nd period - Peter Regin wins face-off versus Robert Nilsson in Kings zone.
8:35 of 2nd period - Rasmus Ristolainen is hit by Sam Gagner and loses puck.
8:46 of 2nd period - Derick Brassard is hit by Peter Regin.
9:02 of 2nd period - Slapshot by Michael Kostka.
9:02 of 2nd period - Stopped by Thomas McCollum without a rebound.
9:03 of 2nd period - Robert Nilsson wins face-off versus Erik Haula in Kings zone.
9:26 of 2nd period - Minor Penalty to Nick Ritchie for Interference.
9:27 of 2nd period - Robert Nilsson wins face-off versus Erik Haula in Kings zone.
10:46 of 2nd period - Wrist shot by Derick Brassard.
10:46 of 2nd period - Shot Misses the Net.
10:48 of 2nd period - Snap shot by Brandon Sutter.
10:48 of 2nd period - Stopped by Thomas McCollum without a rebound.
10:49 of 2nd period - Erik Haula wins face-off versus Robert Nilsson in Kings zone.
11:26 of 2nd period - Penalty to Nick Ritchie is over, Nick Ritchie is back on ice.
11:40 of 2nd period - Wrist shot by Brendan Gallagher.
11:40 of 2nd period - Shot Blocked by Michael Kostka.
12:10 of 2nd period - Wrist shot by Mitch Marner.
12:10 of 2nd period - Stopped by Alexandar Georgiev with a rebound.
12:39 of 2nd period - Icing by Mark Fistric.
12:40 of 2nd period - Auston Matthews wins face-off versus Brandon Sutter in Kings zone.
12:49 of 2nd period - Snap shot by Sam Gagner.
12:49 of 2nd period - Stopped by Thomas McCollum without a rebound.
12:50 of 2nd period - Erik Haula wins face-off versus Robert Nilsson in Kings zone.
13:05 of 2nd period - Snap shot by Robert Nilsson.
13:05 of 2nd period - Shot Blocked by Mark Fistric.
13:35 of 2nd period - Alexander Kerfoot is hit by Gilbert Brule and loses puck.
13:42 of 2nd period - Snap shot by Gilbert Brule.
13:42 of 2nd period - Stopped by Thomas McCollum with a rebound.
14:39 of 2nd period - Slapshot by Ben Lovejoy.
14:39 of 2nd period - Stopped by Thomas McCollum with a rebound.
14:41 of 2nd period - Minor Penalty to Ole-Kristian Tollefsen for Roughing.
14:42 of 2nd period - Robert Nilsson wins face-off versus Erik Haula in Kings zone.
14:59 of 2nd period - Snap shot by Kyle Clifford.
14:59 of 2nd period - Shot Hit the Post.
15:19 of 2nd period - Slapshot by Hampus Lindholm.
15:19 of 2nd period - Deflect By Aaron Ekblad.
15:19 of 2nd period - Stopped by Thomas McCollum with a rebound.
15:21 of 2nd period - Slapshot by Michael Kostka.
15:21 of 2nd period - Stopped by Thomas McCollum with a rebound.
16:29 of 2nd period - Derick Brassard is hit by Peter Regin and loses puck.
16:41 of 2nd period - Penalty to Ole-Kristian Tollefsen is over, Ole-Kristian Tollefsen is back on ice.
17:13 of 2nd period - Snap shot by Alexander Kerfoot.
17:13 of 2nd period - Stopped by Alexandar Georgiev with a rebound.
17:15 of 2nd period - Snap shot by Brendan Gallagher.
17:15 of 2nd period - Stopped by Alexandar Georgiev with a rebound.
17:51 of 2nd period - Wrist shot by Brendan Gallagher.
17:51 of 2nd period - Shot Misses the Net.
17:53 of 2nd period - Snap shot by Rasmus Ristolainen.
17:53 of 2nd period - Deflect By Brendan Gallagher.
17:53 of 2nd period - Shot Misses the Net.
17:53 of 2nd period - Puck is out of play.
17:54 of 2nd period - Ilya Kovalchuk wins face-off versus Brandon Sutter in Canucks zone.
17:57 of 2nd period - Snap shot by Benoit Pouliot.
17:57 of 2nd period - Shot Blocked by Derick Brassard.
18:21 of 2nd period - Slapshot by Hampus Lindholm.
18:21 of 2nd period - Stopped by Thomas McCollum with a rebound.
18:39 of 2nd period - Slapshot by Peter Regin.
18:39 of 2nd period - Shot Blocked by Hampus Lindholm.
18:41 of 2nd period - Slapshot by Darnell Nurse.
18:41 of 2nd period - Stopped by Alexandar Georgiev with a rebound.
18:43 of 2nd period - Wrist shot by Jeremy Morin.
18:43 of 2nd period - Goal by Jeremy Morin - Kings : 2 - Canucks : 1.
18:44 of 2nd period - Brandon Sutter wins face-off versus Auston Matthews in neutral zone.
18:59 of 2nd period - Slapshot by Derick Brassard.
18:59 of 2nd period - Shot Misses the Net.
19:11 of 2nd period - Marcus Johansson is hit by Nick Ritchie and loses puck.
19:16 of 2nd period - Wrist shot by Nick Ritchie.
19:16 of 2nd period - Stopped by Alexandar Georgiev with a rebound.
19:18 of 2nd period - Snap shot by Erik Haula.
19:18 of 2nd period - Goal by Erik Haula - Kings : 3 - Canucks : 1.
19:19 of 2nd period - Auston Matthews wins face-off versus Robert Nilsson in neutral zone.
19:22 of 2nd period - Slapshot by Ilya Kovalchuk.
19:22 of 2nd period - Stopped by Alexandar Georgiev with a rebound.
19:36 of 2nd period - Ole-Kristian Tollefsen is hit by Kyle Clifford and loses puck.
19:51 of 2nd period - Snap shot by Erik Haula.
19:51 of 2nd period - Shot Misses the Net.
Goals for this period are 2 for Kings vs 0 for Canucks.
Shots for this period are 9 for Kings vs 8 for Canucks.
3rd period
0:01 of 3rd period - Robert Nilsson wins face-off versus Benoit Pouliot in neutral zone.
0:12 of 3rd period - Snap shot by Ilya Kovalchuk.
0:12 of 3rd period - Shot Misses the Net.
0:26 of 3rd period - Mitch Marner is hit by Derick Brassard and loses puck.
0:53 of 3rd period - Snap shot by Josh Bailey.
0:53 of 3rd period - Stopped by Thomas McCollum with a rebound.
0:55 of 3rd period - Snap shot by Gilbert Brule.
0:55 of 3rd period - Stopped by Thomas McCollum without a rebound.
0:56 of 3rd period - Auston Matthews wins face-off versus Robert Nilsson in Kings zone.
1:00 of 3rd period - Off-side.
1:01 of 3rd period - Auston Matthews wins face-off versus Robert Nilsson in neutral zone.
1:57 of 3rd period - Kyle Clifford is hit by Peter Regin and loses puck.
3:03 of 3rd period - Wrist shot by Brendan Gallagher.
3:03 of 3rd period - Stopped by Alexandar Georgiev without a rebound.
3:04 of 3rd period - Brandon Sutter wins face-off versus Erik Haula in Canucks zone.
3:17 of 3rd period - Slapshot by Ole-Kristian Tollefsen.
3:17 of 3rd period - Goal by Ole-Kristian Tollefsen - Kings : 4 - Canucks : 1.
3:18 of 3rd period - Auston Matthews wins face-off versus Robert Nilsson in neutral zone.
3:47 of 3rd period - Wrist shot by Sam Gagner.
3:47 of 3rd period - Stopped by Thomas McCollum with a rebound.
3:49 of 3rd period - Snap shot by Derick Brassard.
3:49 of 3rd period - Stopped by Thomas McCollum with a rebound.
3:51 of 3rd period - Wrist shot by Derick Brassard.
3:51 of 3rd period - Deflect By Sam Gagner.
3:51 of 3rd period - Shot Blocked by Nick Ritchie.
3:51 of 3rd period - Puck is out of play.
3:52 of 3rd period - Brandon Sutter wins face-off versus Erik Haula in Kings zone.
5:01 of 3rd period - Wrist shot by Derick Brassard.
5:01 of 3rd period - Stopped by Thomas McCollum without a rebound.
5:02 of 3rd period - Brandon Sutter wins face-off versus Peter Regin in Kings zone.
5:15 of 3rd period - Snap shot by Jeremy Morin.
5:15 of 3rd period - Shot Misses the Net.
5:17 of 3rd period - Slapshot by JT Compher.
5:17 of 3rd period - Stopped by Alexandar Georgiev without a rebound.
5:18 of 3rd period - Robert Nilsson wins face-off versus Alexander Kerfoot in Canucks zone.
5:31 of 3rd period - Slapshot by Brendan Gallagher.
5:31 of 3rd period - Shot Misses the Net.
5:33 of 3rd period - Wrist shot by Alexander Kerfoot.
5:33 of 3rd period - Stopped by Alexandar Georgiev with a rebound.
5:48 of 3rd period - Sam Gagner is hit by Nick Ritchie and loses puck.
6:05 of 3rd period - Slapshot by Gilbert Brule.
6:05 of 3rd period - Stopped by Thomas McCollum without a rebound.
6:06 of 3rd period - Gilbert Brule wins face-off versus Auston Matthews in Kings zone.
6:30 of 3rd period - Ilya Kovalchuk is hit by Josh Bailey and loses puck.
6:41 of 3rd period - Slapshot by Gilbert Brule.
6:41 of 3rd period - Shot Misses the Net.
6:47 of 3rd period - Josh Bailey is hit by Auston Matthews and loses puck.
7:10 of 3rd period - Snap shot by Benoit Pouliot.
7:10 of 3rd period - Shot Misses the Net.
7:12 of 3rd period - Snap shot by Darnell Nurse.
7:12 of 3rd period - Stopped by Alexandar Georgiev with a rebound.
7:14 of 3rd period - Slapshot by Darnell Nurse.
7:14 of 3rd period - Stopped by Alexandar Georgiev with a rebound.
7:16 of 3rd period - Snap shot by Auston Matthews.
7:16 of 3rd period - Shot Blocked by Gilbert Brule.
7:36 of 3rd period - Wrist shot by Benoit Pouliot.
7:36 of 3rd period - Stopped by Alexandar Georgiev with a rebound.
8:00 of 3rd period - Snap shot by Ilya Kovalchuk.
8:00 of 3rd period - Shot Blocked by Jujhar Khaira.
8:10 of 3rd period - Snap shot by Ilya Kovalchuk.
8:10 of 3rd period - Shot Blocked by Josh Gorges.
8:12 of 3rd period - Snap shot by Ilya Kovalchuk.
8:12 of 3rd period - Goal by Ilya Kovalchuk - Kings : 5 - Canucks : 1.
8:13 of 3rd period - Marcus Johansson wins face-off versus Brendan Gallagher in neutral zone.
8:24 of 3rd period - Snap shot by Robert Nilsson.
8:24 of 3rd period - Shot Misses the Net.
8:43 of 3rd period - Wrist shot by Mitch Marner.
8:43 of 3rd period - Stopped by Alexandar Georgiev without a rebound.
8:44 of 3rd period - Erik Haula wins face-off versus Brandon Sutter in Canucks zone.
8:51 of 3rd period - Slapshot by Nick Ritchie.
8:51 of 3rd period - Shot Blocked by Brandon Sutter.
8:53 of 3rd period - Wrist shot by Aaron Ekblad.
8:53 of 3rd period - Deflect By Nick Ritchie.
8:53 of 3rd period - Shot Blocked by Sam Gagner.
8:53 of 3rd period - Puck is out of play.
8:54 of 3rd period - Alexander Kerfoot wins face-off versus Robert Nilsson in Canucks zone.
8:55 of 3rd period - Snap shot by Brendan Gallagher.
8:55 of 3rd period - Stopped by Alexandar Georgiev without a rebound.
8:56 of 3rd period - Alexander Kerfoot wins face-off versus Kyle Clifford in Canucks zone.
9:09 of 3rd period - Wrist shot by Artemi Panarin.
9:09 of 3rd period - Stopped by Alexandar Georgiev with a rebound.
9:22 of 3rd period - Mitch Marner is hit by Robert Nilsson and loses puck.
9:23 of 3rd period - Mitch Marner from Kings is injured at 9:23 of 3rd period (Sprained Right Finger).
9:24 of 3rd period - Robert Nilsson wins face-off versus Erik Haula in Kings zone.
9:29 of 3rd period - Snap shot by Kyle Clifford.
9:29 of 3rd period - Shot Blocked by JT Compher.
9:31 of 3rd period - Slapshot by Marcus Johansson.
9:31 of 3rd period - Stopped by Thomas McCollum without a rebound.
9:32 of 3rd period - Erik Haula wins face-off versus Robert Nilsson in Kings zone.
9:32 of 3rd period - Erik Haula is hit by Robert Nilsson.
9:50 of 3rd period - Slapshot by Drew Doughty.
9:50 of 3rd period - Shot Blocked by Nick Ritchie.
9:52 of 3rd period - Slapshot by Tyler Myers.
9:52 of 3rd period - Shot Blocked by Erik Haula.
9:54 of 3rd period - Slapshot by Drew Doughty.
9:54 of 3rd period - Shot Blocked by Rasmus Ristolainen.
9:56 of 3rd period - Snap shot by Kyle Clifford.
9:56 of 3rd period - Stopped by Thomas McCollum without a rebound.
9:57 of 3rd period - Alexander Kerfoot wins face-off versus Brandon Sutter in Kings zone.
10:10 of 3rd period - Wrist shot by Derick Brassard.
10:10 of 3rd period - Shot Blocked by Mark Fistric.
11:02 of 3rd period - Off-side.
11:03 of 3rd period - Auston Matthews wins face-off versus Maxim Talbot in neutral zone.
12:15 of 3rd period - Off-side.
12:16 of 3rd period - Auston Matthews wins face-off versus Gilbert Brule in neutral zone.
12:19 of 3rd period - Drew Doughty is hit by Darnell Nurse and loses puck.
13:50 of 3rd period - Slapshot by Ilya Kovalchuk.
13:50 of 3rd period - Shot Misses the Net.
14:15 of 3rd period - Snap shot by Jujhar Khaira.
14:15 of 3rd period - Shot Misses the Net.
14:17 of 3rd period - Slapshot by Gilbert Brule.
14:17 of 3rd period - Shot Misses the Net.
14:19 of 3rd period - Snap shot by Josh Bailey.
14:19 of 3rd period - Shot Misses the Net.
14:21 of 3rd period - Snap shot by Jujhar Khaira.
14:21 of 3rd period - Stopped by Thomas McCollum with a rebound.
14:23 of 3rd period - Slapshot by Josh Bailey.
14:23 of 3rd period - Shot Misses the Net.
14:25 of 3rd period - Slapshot by Jujhar Khaira.
14:25 of 3rd period - Shot Misses the Net.
14:27 of 3rd period - Slapshot by Josh Bailey.
14:27 of 3rd period - Goal by Josh Bailey - Kings : 5 - Canucks : 2.
14:28 of 3rd period - Alexander Kerfoot wins face-off versus Robert Nilsson in neutral zone.
14:55 of 3rd period - Erik Haula is hit by Michael Kostka and loses puck.
15:06 of 3rd period - Derick Brassard is hit by Erik Haula and loses puck.
15:17 of 3rd period - Ole-Kristian Tollefsen is hit by Derick Brassard.
15:20 of 3rd period - Off-side.
15:21 of 3rd period - Alexander Kerfoot wins face-off versus Robert Nilsson in neutral zone.
15:26 of 3rd period - Wrist shot by Artemi Panarin.
15:26 of 3rd period - Shot Misses the Net.
15:51 of 3rd period - Off-side.
15:52 of 3rd period - Peter Regin wins face-off versus Brandon Sutter in neutral zone.
15:55 of 3rd period - Slapshot by Ole-Kristian Tollefsen.
15:55 of 3rd period - Stopped by Alexandar Georgiev without a rebound.
15:56 of 3rd period - Robert Nilsson wins face-off versus Alexander Kerfoot in Canucks zone.
16:20 of 3rd period - Off-side.
16:21 of 3rd period - Erik Haula wins face-off versus Brandon Sutter in neutral zone.
16:26 of 3rd period - Snap shot by Nick Ritchie.
16:26 of 3rd period - Shot Blocked by Drew Doughty.
16:28 of 3rd period - Snap shot by Nick Ritchie.
16:28 of 3rd period - Shot Misses the Net.
16:30 of 3rd period - Slapshot by JT Compher.
16:30 of 3rd period - Stopped by Alexandar Georgiev without a rebound.
16:31 of 3rd period - Alexander Kerfoot wins face-off versus Robert Nilsson in Canucks zone.
17:25 of 3rd period - Snap shot by Jujhar Khaira.
17:25 of 3rd period - Stopped by Thomas McCollum without a rebound.
17:26 of 3rd period - Kyle Clifford wins face-off versus Alexander Kerfoot in Kings zone.
17:27 of 3rd period - Snap shot by Marcus Johansson.
17:27 of 3rd period - Shot Blocked by Brendan Gallagher.
17:35 of 3rd period - Snap shot by Alexander Kerfoot.
17:35 of 3rd period - Stopped by Alexandar Georgiev with a rebound.
17:37 of 3rd period - Snap shot by Brendan Gallagher.
17:37 of 3rd period - Shot Blocked by Kyle Clifford.
17:39 of 3rd period - Snap shot by Alexander Kerfoot.
17:39 of 3rd period - Stopped by Alexandar Georgiev without a rebound.
17:40 of 3rd period - Erik Haula wins face-off versus Kyle Clifford in Canucks zone.
18:57 of 3rd period - Drew Doughty is hit by Erik Haula and loses puck.
19:36 of 3rd period - Wrist shot by Brandon Sutter.
19:36 of 3rd period - Stopped by Thomas McCollum with a rebound.
19:56 of 3rd period - Slapshot by Rasmus Ristolainen.
19:56 of 3rd period - Stopped by Alexandar Georgiev with a rebound.
19:58 of 3rd period - Slapshot by Rasmus Ristolainen.
19:58 of 3rd period - Shot Misses the Net.
Goals for this period are 2 for Kings vs 1 for Canucks.
Shots for this period are 16 for Kings vs 12 for Canucks.
Output by the SimonT Hockey Simulator (STHS) for Francois Prevost